Map: Odyssey LE

Players

Stephano - Winner!

  • Race: Zerg Zerg
  • Spawn Location: 5:00

TRUE

  • Race: Zerg Zerg
  • Spawn Location: 11:00

Event: WCS Jonkoping 2017

VOD

Have the link to the VOD?

Description

Time

  • Played on: June 17, 2017, 11:22 a.m.
  • Length: 11:01

All games in this series

Show
View Real Time Build Order
Export as new Build Order

Stephano Zerg - Winner!

Build Orders: Hatch First 

Get SALT Encoding   

  12  0:00  Drone  
  13  0:12  Overlord  
  13  0:17  Drone  
  14  0:31  Drone x2  
  14  0:34  Drone  
  17  0:52  Hatchery  
  17  0:54  Drone  
  17  0:58  Drone  
  18  1:07  Extractor  
  17  1:12  Spawning Pool  
  17  1:14  Drone  
  17  1:18  Drone  
  18  1:28  Drone  
  19  1:39  Overlord  
  19  1:49  Drone  
  20  1:59  Queen  
  20  2:01  Zergling x2  
  23  2:04  Queen, Zergling x2  
  23  2:07  Metabolic Boost  
  26  2:15  Drone  
  28  2:22  Drone  
  28  2:26  Drone x2  
  30  2:34  Queen  
  30  2:35  Drone  
  33  2:38  Drone  
  34  2:48  Hatchery  
  33  2:52  Overlord  
  33  2:56  Zergling x2  
  34  3:04  Zergling x2  
  34  3:05  Drone  
  36  3:10  Drone  
  36  3:11  Drone x3  
  36  3:12  Drone x2  
  40  3:17  Baneling Nest  
  39  3:20  Zergling x2  
  39  3:22  Zergling x2  
  39  3:24  Zergling x2  
  42  3:30  Overlord  
  42  3:37  Zergling x4  
  44  3:48  Overlord  
  44  3:51  Overlord  
  44  3:53  Overlord  
  44  3:55  Zergling x6  
  46  3:56  Zergling x2  
  46  3:57  Drone  
  46  4:01  Baneling x2  
  49  4:05  Drone  
  49  4:08  Drone x2  
  52  4:12  Drone  
  53  4:17  Drone x2  
  53  4:22  Drone  
  56  4:27  Drone x6  
  62  4:31  Queen  
  62  4:34  Roach Warren  
  62  4:36  Evolution Chamber, Overlord  
  58  4:48  Zergling x4  
  58  4:49  Zergling x6  
  59  4:52  Drone  
  59  4:53  Drone  
  59  4:55  Drone x2  
  59  4:57  Extractor, Drone  
  59  4:58  Extractor  
  61  5:11  Zerg Missile Weapons Level 1  
  61  5:12  Lair  
  60  5:16  Baneling x2, Drone  
  60  5:17  Drone x6  
  67  5:23  Drone  
  68  5:33  Extractor, Roach  
  68  5:34  Roach x4  
  77  5:38  Roach  
  77  5:42  Hatchery  
  78  5:43  Roach x2  
  78  5:45  Overlord  
  82  5:52  Overlord  
  80  5:57  Overlord  
  80  6:00  Overlord  
  80  6:01  Drone x2  
  82  6:04  Overlord  
  82  6:05  Drone  
  82  6:06  Drone x4  
  87  6:11  Roach x2  
  87  6:12  Glial Reconstitution, Roach x2  
  95  6:20  Roach x3  
  99  6:27  Overlord  
  99  6:29  Overlord  
  99  6:30  Extractor  
  99  6:33  Roach x6  
  99  6:37  Overlord  
  109  6:42  Roach x3  
  113  6:50  Ravager  
  113  6:51  Ravager  
  113  6:52  Roach  
  113  6:53  Roach x2  
  121  6:57  Roach x2  
  121  7:01  Drone x3  
  128  7:02  Drone x4  
  128  7:07  Drone  
  128  7:08  Drone x4  
  137  7:11  Zerg Missile Weapons Level 2  
  137  7:13  Queen  
  139  7:17  Overlord  
  139  7:21  Roach x4  
  147  7:24  Overlord x2  
  147  7:29  Roach x2  
  151  7:34  Tunneling Claws  
  151  7:36  Extractor  
  150  7:38  Roach  
  150  7:41  Drone x3, Overlord x3  
  155  7:51  Overlord  
  155  7:53  Burrow  
  155  8:03  Roach x10  
  174  8:15  Roach x7  
  188  8:20  Extractor  
  188  8:21  Drone x4  
  188  8:22  Drone  
  188  8:23  Pneumatized Carapace  
  188  8:25  Spine Crawler  
  188  8:26  Roach x3  
  197  8:33  Roach x2  
  197  8:34  Roach x2  
  187  8:42  Roach x6  
  187  8:46  Roach x3  
  199  9:01  Roach x8  
  199  9:10  Ravager  
  199  9:16  Roach Warren  
  199  9:18  Spine Crawler  
  199  9:19  Spine Crawler x4  
  199  9:20  Spine Crawler x2  
  199  9:22  Ravager x7  
  185  9:33  Roach x3  
  185  9:34  Roach x5  
  185  9:38  Roach x8  
  180  9:43  Roach  
  180  9:44  Roach x3  
  177  9:47  Roach x2  
  177  9:50  Roach x3  
  173  9:57  Roach  
  173  9:58  Roach x3  
  161  10:06  Roach x4  
  154  10:08  Roach x13  
  154  10:12  Roach x7  
  152  10:20  Queen  
  144  10:24  Roach x4  
  146  10:28  Roach x5  
  134  10:37  Roach x3  
Show
View Real Time Build Order
Export as new Build Order

TRUE Zerg 

Build Orders: Hatch First, Zergling Baneling 

Get SALT Encoding   

  12  0:00  Drone  
  13  0:12  Overlord  
  13  0:16  Drone  
  14  0:30  Drone x2  
  14  0:34  Drone  
  17  0:51  Hatchery  
  17  0:54  Drone  
  17  1:08  Spawning Pool  
  17  1:10  Extractor  
  15  1:13  Drone  
  15  1:16  Drone  
  17  1:19  Drone  
  18  1:28  Drone  
  19  1:38  Overlord  
  19  1:56  Queen  
  19  1:58  Zergling x2  
  19  1:59  Zergling x2  
  23  2:03  Queen  
  23  2:06  Zergling x2  
  26  2:09  Metabolic Boost  
  26  2:38  Zergling x2  
  26  2:39  Zergling x2  
  26  2:42  Drone  
  26  2:43  Drone x3  
  32  2:50  Drone  
  33  2:52  Drone  
  34  3:00  Baneling Nest  
  34  3:02  Drone  
  34  3:04  Drone x2  
  36  3:11  Drone  
  36  3:16  Overlord  
  36  3:24  Hatchery, Zergling x2  
  36  3:25  Overlord  
  36  3:37  Drone x5  
  36  3:39  Drone  
  42  3:45  Baneling x2, Drone x3  
  42  3:46  Drone  
  42  3:47  Drone  
  47  3:52  Zergling x2  
  47  3:55  Baneling x2  
  48  3:57  Overlord  
  48  4:01  Queen  
  50  4:06  Extractor, Drone x2  
  50  4:08  Overlord  
  51  4:15  Zergling x2  
  51  4:16  Baneling x2  
  52  4:20  Evolution Chamber  
  52  4:21  Drone  
  52  4:24  Drone x2  
  52  4:25  Drone x3  
  52  4:30  Zergling x2  
  52  4:31  Zergling x4  
  60  4:35  Roach Warren  
  60  4:37  Zergling x4  
  60  4:42  Zergling x2  
  60  4:43  Queen  
  62  4:49  Baneling x2, Drone x2  
  62  4:50  Drone  
  64  4:56  Zerg Missile Weapons Level 1  
  64  4:58  Extractor  
  64  4:59  Overlord  
  63  5:03  Baneling x2  
  63  5:05  Overlord  
  63  5:09  Overlord  
  63  5:13  Baneling x2  
  62  5:15  Overlord  
  62  5:16  Baneling  
  62  5:17  Roach x2  
  62  5:21  Roach  
  68  5:26  Roach  
  70  5:33  Drone x10  
  80  5:38  Lair  
  80  5:39  Drone  
  80  5:41  Drone  
  83  5:42  Drone  
  83  5:44  Drone  
  83  5:46  Drone x2  
  86  5:54  Drone x3  
  88  6:00  Extractor  
  88  6:04  Roach x2  
  88  6:06  Roach  
  88  6:07  Roach  
  88  6:09  Roach  
  95  6:11  Hatchery  
  95  6:12  Roach, Overlord  
  95  6:14  Overlord  
  96  6:20  Overlord  
  96  6:22  Overlord  
  96  6:27  Overlord  
  96  6:33  Hatchery  
  96  6:34  Roach x2  
  96  6:36  Glial Reconstitution  
  96  6:39  Roach  
  101  6:41  Overseer, Roach  
  101  6:43  Roach  
  101  6:45  Roach  
  107  6:48  Roach  
  108  7:01  Zerg Missile Weapons Level 2  
  108  7:05  Drone x6  
  114  7:12  Hatchery  
  114  7:15  Roach x2  
  117  7:18  Roach  
  117  7:19  Roach  
  117  7:22  Roach  
  125  7:23  Roach  
  125  7:29  Roach x2  
  131  7:30  Roach  
  131  7:32  Roach  
  131  7:35  Roach  
  135  7:37  Overlord  
  135  7:40  Overlord  
  135  7:42  Overlord  
  135  7:47  Roach x2  
  135  7:48  Roach  
  135  7:50  Roach x2  
  144  7:54  Overlord  
  144  7:55  Roach x2  
  144  7:57  Roach  
  144  7:58  Roach  
  152  8:01  Roach  
  152  8:04  Extractor, Roach  
  153  8:06  Roach x2  
  153  8:07  Roach  
  153  8:10  Roach  
  153  8:11  Queen  
  161  8:13  Roach  
  161  8:15  Roach  
  161  8:17  Roach  
  161  8:19  Roach  
  167  8:21  Roach  
  167  8:23  Roach  
  167  8:24  Overlord  
  171  8:28  Roach  
  171  8:30  Roach  
  171  8:33  Roach  
  175  8:35  Roach  
  175  8:36  Roach  
  175  8:37  Roach  
  175  8:38  Roach  
  179  8:41  Roach x2  
  179  8:43  Drone  
  179  8:44  Drone x3  
  179  8:45  Drone  
  179  8:46  Roach  
  179  8:48  Roach  
  189  8:51  Overlord  
  189  8:52  Overlord  
  189  8:56  Overlord  
  189  8:58  Overlord  
  189  9:00  Overlord  
  189  9:04  Overlord  
  189  9:09  Overlord  
  189  9:11  Overseer, Spine Crawler  
  189  9:12  Roach  
  189  9:13  Roach x3  
  189  9:15  Roach  
  198  9:25  Roach  
  198  9:26  Roach  
  198  9:27  Roach  
  198  9:29  Roach  
  198  9:31  Roach x2  
  188  9:32  Roach  
  188  9:34  Roach  
  188  9:35  Roach  
  188  9:37  Roach x2  
  172  9:41  Roach x4  
  172  9:42  Roach  
  172  9:43  Roach  
  172  9:44  Roach  
  162  9:47  Roach x3  
  162  9:50  Roach  
  146  9:55  Roach  
  146  9:58  Roach  
  125  10:02  Roach  
  125  10:07  Roach  
  106  10:15  Roach  
  106  10:18  Roach  
  105  10:26  Roach  
  105  10:33  Roach  
  87  10:41  Roach  
Tags
 
Add a new tag
Caveats
  • Supply blocks, unpowered buildings, or Contaminate may cause inaccurate times.
  • Supply counts are checked every 10 seconds.